AoeStats
← Kiritastrich

Nomad

503188845Analyzed
1v1 RM · 1mo ago on Aug 30, 2026· 41m 58s· 2 players
Game mode
Random Map
Map size
126×126
Population
200
Speed
Normal
Resources
Standard
Victory
Conquest
Starting age
Dark Age
Ending age
Imperial Age
RankedLock teamsTeams togetherTeam positionsShared explorationLock speedFull tech treeHidden civsTurbo modeCheats
Victory
Defeat
🇷🇺 Byzantines · Russia
1893
+14
🇧🇷 Maya · Brazil
1858
-14
Voxer El Brazilian
4:31 Loom
12:25 Feudal Age
17:17 Castle Age
15:52 Forging
17:08 Double-Bit Axe
17:21 Demolition Ship
18:11 Medium Warships
18:14 Bow Saw
17:58 Eagle Warrior
18:39 Scale Mail Armor
20:18 Iron Casting
23:27 Fishing Lines
24:23 Horse Collar
26:24 Treadmill Crane
27:01 Clinker Construction
28:18 Chain Mail Armor
27:36 Pikeman
28:16 Squires
28:42 Demolition Ship
33:51 Fletching
38:59 Bodkin Arrow
Kiritastrich
9:40 Loom
16:08 Feudal Age
21:12 Castle Age
19:02 Fishing Lines
20:36 Forging
20:49 Double-Bit Axe
21:36 Light Cavalry
22:58 Medium Warships
23:54 Husbandry
24:31 Scale Barding Armor
25:32 Chain Barding Armor
27:17 Iron Casting
26:59 Gillnets
27:47 Demolition Ship
33:42 Fletching
40:46 Imperial Age
38:54 Murder Holes
38:41 Treadmill Crane
41:30 Bodkin Arrow
42:23 Ballistics
43:09 Chemistry
Connection lost

Rejoining the realm…

Still unreachable

The connection could not be restored.

Session expired

The server has moved on; the page needs a fresh start.